 Dungeon Crawl Stone Soup version 0.26-a0-1038-gfb849e850a (webtiles) character file.

Game seed: 12107441402452691599

72 Xarex the Grave Robber (level 4, 0/36 HPs)
             Began as a Deep Dwarf Necromancer on Dec 11, 2020.
             Killed from afar by Natasha (2 damage)
             ... with a magic dart
             ... on level 3 of the Dungeon.
             The game lasted 00:21:21 (938 turns).

Xarex the Grave Robber (Deep Dwarf Necromancer)      Turns: 938, Time: 00:21:21

Health: 0/36       AC:  2    Str: 12    XL:     4   Next: 7%
Magic:  1/7        EV: 12    Int: 16    God:
Gold:   73         SH:  0    Dex: 13    Spells: 6/7 levels left

rFire    . . .     SeeInvis .   b - +0 short sword
rCold    . . .     Faith    .   (no shield)
rNeg     . . .     Spirit   .   a - +0 robe
rPois    +         Reflect  .   (no helmet)
rElec    .         Harm     .   (no cloak)
rCorr    .         Rampage  .   (no gloves)
Will     .....                  (no boots)
Stlth    ++........             (no amulet)
HPRegen  0.00/turn              j - ring of poison resistance
MPRegen  0.10/turn              (no ring)

@: non-regenerating
A: damage resistance, heal wounds, sense surroundings 1, no regeneration
a: Heal Wounds


You were on level 3 of the Dungeon.
You visited 1 branch of the dungeon, and saw 3 of its levels.

You collected 73 gold pieces.

Inventory:

Hand Weapons
 b - a +0 short sword (weapon)
 c - a +0 dagger
Armour
 a - a +0 robe (worn)
 h - a +0 robe
Jewellery
 j - a ring of poison resistance (left hand)
Scrolls
 d - a scroll of fear
 e - a scroll of identify {unknown}
 g - a scroll of remove curse {unknown}
 k - a scroll of fog {unknown}
Potions
 f - a potion of magic {unknown}
 i - a potion of attraction


   Skills:
 + Level 2.2 Dodging
 + Level 3.5 Stealth
 + Level 2.2 Spellcasting
 * Level 5.4 Necromancy


You had 6 spell levels left.
You knew the following spells:

 Your Spells              Type           Power        Failure   Level
a - Pain                  Necr           ###.         2%          1

Your spell library contained the following spells:

 Spells                   Type           Power        Failure   Level
 Animate Skeleton         Necr           ###...       2%          1
 Vampiric Draining        Necr           ###.......   6%          3
 Animate Dead             Necr           ###.......   22%         4
 Agony                    Necr           ###.....     52%         5


Dungeon Overview and Level Annotations

Branches:
Dungeon (3/15)

Altars:

Annotations:
D:3 Natasha


Innate Abilities, Weirdness & Mutations

You are resistant to damage.
You can heal yourself by infusing magical energy.
You passively map a small area around you.
You do not regenerate.


Message History

* * * LOW HITPOINT WARNING * * *
You feel better.
Natasha stares at you and mumbles some strange words.
The magic dart hits you.
* * * LOW HITPOINT WARNING * * *
You completely miss Natasha.
Natasha is severely wounded.
Natasha claws you!
* * * LOW HITPOINT WARNING * * *
You barely miss Natasha.
Natasha is severely wounded.
Natasha stares at you and mumbles some strange words.
The magic dart hits you.
* * * LOW HITPOINT WARNING * * *
You hit Natasha.
Natasha is almost dead.
Natasha closely misses you.
Natasha stares at you and mumbles some strange words.
The magic dart hits you.
You die...

* ....###....(...... ...
#........... #.... ..**
##.....†..... #....,.,
###............
#....,,,*#..............
#...K , #.#...###......
###../., ,*#......#.......
.......#####........##....
#....5#.@.........###.###
#....5h.###...........#
#.....### ##<......###
#....# #.......## #....*
#>......# #..> #.......#
####* ##.....## ##...##
#####


You could see Natasha and a white imp (summoned).

Vanquished Creatures
  4 adders (D:2)
  An ooze (D:1)
  A ball python (D:1)
  3 bats
  A giant cockroach (D:1)
  4 goblins
  3 hobgoblins
  6 kobolds
  3 quokkas
  A frilled lizard (D:2)
  5 rats
32 creatures vanquished.

Notes
Turn   | Place    | Note
-------+----------+-------------------------------------------
     0 | D:1      | Xarex the Deep Dwarf Necromancer began the quest for the
                  | Orb.
     0 | D:1      | Reached XP level 1. HP: 15/15 MP: 3/3
    53 | D:1      | Reached XP level 2. HP: 20/22 MP: 0/4
   145 | D:1      | Reached skill level 5 in Necromancy
   373 | D:2      | Reached XP level 3. HP: 19/28 MP: 1/5
   823 | D:3      | Reached XP level 4. HP: 20/36 MP: 2/7
   920 | D:3      | Noticed Natasha
   938 | D:3      | Killed from afar by Natasha

Illustrated notes

Levels and vault maps discovered:
D:1:      saegor_arrival_simple_e, layout_basic, minmay_misc_feat_enclosed,
          grunt_decor_fettered
D:2:      layout_loops_corners, chequers_temple_overflow_minitemple,
          lightli_temple_of_fire
D:3:      layout_rooms, nemelex_altar_shiori, chequers_hall_statues_corner_a,
          uniq_natasha

Skill      XL: |  1  2  3 |
---------------+----------+-----
Necromancy     | 5 |  5.4
Stealth        | 3 |  3.5
Spellcasting   | 2 |  2.2
Dodging        | |  2.2

Action                   |  1- 3 |  4- 6 || total
-------------------------+-------+-------++-------
Melee: Unarmed           |    12 |       ||    12
       Short sword       |    26 |    14 ||    40
 Cast: Pain              |    40 |    13 ||    53
  Use: Potion            |     2 |     2 ||     4
       Scroll            |     1 |       ||     1
 Stab: Sleeping          |     1 |       ||     1
       Distracted        |       |     1 ||     1
Armor: Robe              |       |     1 ||     1
Dodge: Dodged            |    23 |    12 ||    35

Table legend: (Time is in decaauts)
 A = Elapsed time spent in this place.
 B = Non-inter-level travel time spent in this place.
 C = Inter-level travel time spent in this place.
 D = Time resting spent in this place.
 E = Time spent auto-exploring this place.
 F = Levels seen in this place.
 G = Mean time per level.
                   A        B        C        D        E       F      G
               +--------+--------+--------+--------+--------+-----+--------+
         Total |    940 |    940 |      0 |    149 |      0 |   3 |  313.3 |
       Dungeon |    940 |    940 |      0 |    149 |      0 |   3 |  313.3 |
               +--------+--------+--------+--------+--------+-----+--------+

Top non-repeatable levels by time:
     D:2: 462 daAuts
     D:1: 338 daAuts
     D:3: 139 daAuts
